 Dungeon Crawl Stone Soup version 0.18-a0-717-g59c076b (webtiles) character file.

10338 Mindmaker the Geomancer (level 11, -2/68 HPs)
             Began as a Gargoyle Earth Elementalist on Dec 8, 2015.
             Was a Priest of Vehumet.
             Slain by a six-headed hydra (4 damage)
             ... on level 1 of the Lair of Beasts.
             The game lasted 01:06:17 (12096 turns).

Mindmaker the Geomancer (GrEE)                     Turns: 12096, Time: 01:06:17

Health: -2/68      AC: 12    Str: 11    XL:     11   Next: 60%
Magic:  4/18       EV: 14    Int: 20    God:    Vehumet [***...]
Gold:   350        SH:  5    Dex: 12    Spells: 6 memorised, 2 levels left

rFire  . . .     SeeInvis .     a - +0 whip (elec)
rCold  . . .     Clarity  .     M - +0 robe {MR+}
rNeg   + . .     SustAt   .     n - +0 buckler
rPois  ∞         Gourm    .     (no helmet)
rElec  +         Spirit   .     i - +1 cloak
rCorr  .         Dismiss  .     (no gloves)
rMut   .         Stasis   .     v - +0 pair of boots
MR     +....                    (no amulet)
Stlth  ++........               T - +2 ring of dexterity
                                N - ring of wizardry

@: somewhat resistant to hostile enchantments, unstealthy
A: negative energy resistance 1, electricity resistance, unbreathing,
petrification resistance, rot immunity, AC +7
a: Renounce Religion


You were on level 1 of the Lair of Beasts.
You worshipped Vehumet.
Vehumet was most pleased with you.
You were not hungry.

You visited 3 branches of the dungeon, and saw 13 of its levels.

You collected 410 gold pieces.
You spent 60 gold pieces at shops.

Inventory:

Hand Weapons
 a - a +0 whip of electrocution (weapon)
 o - a +0 blowgun
Missiles
 b - 87 stones (quivered)
 p - 39 poisoned needles
Armour
 i - a +1 cloak (worn)
 n - a +0 buckler (worn)
 v - a +0 pair of boots (worn)
 M - a +0 robe of magic resistance (worn)
Jewellery
 N - a ring of wizardry (left hand)
 T - a +2 ring of dexterity (right hand)
Wands
 f - a wand of paralysis (8)
 k - a wand of slowing (9)
 z - a wand of frost (8)
 O - a wand of flame (30)
 S - a wand of hasting (3)
 W - a wand of lightning (6)
Scrolls
 j - 3 scrolls of enchant armour {unknown}
 m - 2 scrolls of immolation
 t - a scroll of remove curse
 w - 3 scrolls of amnesia
 y - a scroll of random uselessness {unknown}
 D - 2 scrolls of teleportation {unknown}
 E - 3 scrolls of enchant weapon {unknown}
 F - a scroll of torment {unknown}
 G - a scroll of silence {unknown}
 I - a scroll of holy word {unknown}
 Q - 3 scrolls of magic mapping {unknown}
 V - a scroll of fog {unknown}
Potions
 e - 5 potions of curing
 g - 2 potions of degeneration {unknown}
 h - a potion of cancellation
 r - a potion of flight {unknown}
 s - a potion of agility
 A - 3 potions of heal wounds
 B - a potion of might
 H - a potion of berserk rage {unknown}
 K - a potion of lignification {unknown}
 L - a potion of magic
 P - a potion of haste
 R - 2 potions of brilliance
 X - 2 potions of mutation {unknown}
Books
 c - a book of Geomancy

   Spells                             Type                      Level
   a - Sandblast                      Earth                        1
   b - Stoneskin                      Transmutation/Earth          2
   c - Passwall                       Transmutation/Earth          3
   d - Stone Arrow                    Conjuration/Earth            3
   e - Petrify                        Transmutation/Earth          4
   f - Lee's Rapid Deconstruction     Earth                        5
Comestibles
 d - 10 bread rations
 l - 5 meat rations
 q - 5 chunks of flesh
 u - a beef jerky
 C - a royal jelly
 J - 3 fruits


   Skills:
 - Level 8.1 Fighting
 - Level 6.0 Maces & Flails
 + Level 4.7 Dodging
 - Level 2.1 Stealth
 - Level 5.1 Shields
 - Level 5.2 Spellcasting
 - Level 6.0 Conjurations
 - Level 0.7 Transmutations
 - Level 13.0 Earth Magic


You had 2 spell levels left.
You knew the following spells:

 Your Spells              Type           Power        Failure   Level  Hunger
a - Sandblast             Erth           ######       1%          1    None
b - Stoneskin             Trmt/Erth      ####....     1%          2    None
c - Passwall              Trmt/Erth      ####......   1%          3    ##.....
d - Stone Arrow           Conj/Erth      #####.       1%          3    ##.....
e - Petrify               Trmt/Erth      ####....     4%          4    ####...
f - Lee's Rapid Deconstr  Erth           ######....   1%          5    #####..


Dungeon Overview and Level Annotations

Branches:
Dungeon (11/15)            Temple (1/1) D:7            Lair (1/8) D:10
    Orc: D:9-12

Altars:
Ashenzari
Cheibriados
Dithmenos
Elyvilon
Fedhas
Gozag
Kikubaaqudgha
Makhleb
Nemelex Xobeh
Okawaru
Pakellas
Qazlal
Ru
Sif Muna
Trog
Vehumet
Xom
Yredelemnul
Zin
The Shining One

Shops:
D:4 %?   D:7 :=(

Annotations:
D:8 Erolcha


Innate Abilities, Weirdness & Mutations

You are resistant to torment.
Your stone body is resilient (AC +7).
You are immune to poison.
You resist negative energy.
You are resistant to electric shocks.
You can survive without breathing.
You are immune to petrification.
You are immune to rotting.


Message History

The six-headed hydra bites you.
You block the six-headed hydra's attack.
The six-headed hydra closely misses you.
The six-headed hydra bites you!
Casting: Petrify
Confirm with . or Enter, or press ? or * to list all spells.
Aiming: Petrify
Press: ? - help, Shift-Dir - straight line, f/p - six-headed hydra
Aim: a six-headed hydra (moderately wounded, chance to defeat MR: 26%)
The six-headed hydra is moving more slowly.
The six-headed hydra bites you but does no damage.
The six-headed hydra bites you!
* * * LOW HITPOINT WARNING * * *
The six-headed hydra bites you.
* * * LOW HITPOINT WARNING * * *
You block the six-headed hydra's attack.
The six-headed hydra bites you.
* * * LOW HITPOINT WARNING * * *
The six-headed hydra bites you.
You die...

................#####♣♣♣♣♣♣ P..(
#................# ...P
P..#.##P.<..#...## ♣....
......##....#...## ♣♣ ...
.....###...##....# ###P♣♣.♣
.....##....##...#####.P♣..♣
.##..#.....#....###...♣..♣ .♣
..#..#..................?♣♣♣....
.⌠#..#..........@D....♣8.P.8...P
.....#...............♣§§P♣.....♣
.....#.....###..##...♣♣§♣P♣...P♣
..#........###...#...♣♣§♣♣♣ ...♣
..###........#..###..♣P♣§ ...
.....##....#.≈.≈≈≈...§♣ ♣. ..
##....##..#≈≈≈≈≈≈≈≈...# ♣. ♣
....#...#..≈≈≈≈≈≈≈≈≈..# .♣
........#..≈≈≈≈≈≈≈≈≈..# ♣


You could see a six-headed hydra (petrifying).

Vanquished Creatures
  Nergalle (D:10)
  A hill giant (D:10)
  Maurice (D:8)
  Psyche (D:8)
  Joseph (D:10)
  4 spiny frogs (Lair:1)
  A troll (D:10)
  A spriggan (D:7)
  2 basilisks (Lair:1)
  2 hungry ghosts
  A deep elf fighter (D:10)
  10 yaks
  A hippogriff (Lair:1)
  3 porcupines (Lair:1)
  3 wolves (Lair:1)
  A black bear (D:7)
  3 ice beasts
  An orc warrior (D:9)
  3 ogres
  A sky beast (D:8)
  2 water moccasins
  A phantom (D:10)
  A centaur (D:7)
  2 crocodiles
  6 giant frogs
  16 killer bees
  3 scorpions
  2 electric eels (Lair:1)
  A quasit (D:9)
  A crimson imp (D:8)
  2 centaur zombies (D:5)
  5 jellies
  4 orc priests
  5 iguanas
  6 hounds
  5 orc wizards
  A giant frog skeleton (D:7)
  5 worker ants
  2 killer bee zombies
  7 gnolls
  8 adders
  A shadow imp (D:7)
  3 river rats (D:10)
  2 oozes
  2 adder zombies (D:6)
  2 worms
  3 adder skeletons
  2 giant geckos
  27 orcs
  3 giant cockroaches
  5 goblins
  2 hobgoblins
  11 jackals
  9 kobolds
  2 quokkas
  8 bats
  7 giant newts
  A jackal skeleton (D:4)
  A jackal zombie (D:7)
  A quokka zombie (D:8)
  18 rats
237 creatures vanquished.

Vanquished Creatures (others)
  6 fungi (D:10)
  5 plants
11 creatures vanquished.

Grand Total: 248 creatures vanquished

Notes
Turn   | Place    | Note
--------------------------------------------------------------
     0 | D:1      | Mindmaker the Gargoyle Earth Elementalist began the quest for the Orb.
     0 | D:1      | Reached XP level 1. HP: 10/10 MP: 3/3
   161 | D:1      | Reached skill level 4 in Earth Magic
   237 | D:1      | Reached XP level 2. HP: 15/15 MP: 0/5
   328 | D:1      | Learned a level 2 spell: Stoneskin
  1020 | D:1      | Reached skill level 5 in Earth Magic
  1020 | D:1      | Reached XP level 3. HP: 19/19 MP: 0/6
  1365 | D:2      | Found a shadowy altar of Dithmenos.
  1796 | D:3      | Found a blossoming altar of Fedhas.
  1801 | D:3      | Found a glowing silver altar of Zin.
  1903 | D:3      | Learned a level 3 spell: Passwall
  2284 | D:4      | Reached skill level 6 in Earth Magic
  2284 | D:4      | Reached XP level 4. HP: 17/24 MP: 3/7
  2515 | D:4      | Found Toka's Food Emporium.
  2554 | D:4      | Reached XP level 5. HP: 15/28 MP: 1/8
  2755 | D:4      | Reached skill level 7 in Earth Magic
  2893 | D:4      | Found an iron altar of Okawaru.
  3056 | D:4      | Found Peant's Magic Scroll Shop.
  3059 | D:4      | Bought a scroll of identify for 20 gold pieces
  3059 | D:4      | Bought a scroll of identify for 20 gold pieces
  3059 | D:4      | Bought a scroll of identify for 20 gold pieces
  3206 | D:5      | Entered Level 5 of the Dungeon
  3212 | D:5      | Reached XP level 6. HP: 32/32 MP: 6/10
  3291 | D:5      | Learned a level 3 spell: Stone Arrow
  3489 | D:5      | Reached XP level 7. HP: 36/36 MP: 5/13
  3598 | D:5      | Found a deep blue altar of Sif Muna.
  3878 | D:5      | Found a sparkling altar of Nemelex Xobeh.
  3932 | D:6      | Learned a level 4 spell: Petrify
  4306 | D:6      | Found an opulent altar of Gozag.
  4995 | D:7      | Reached skill level 5 in Shields
  4998 | D:7      | Reached skill level 1 in Fighting
  4998 | D:7      | Reached XP level 8. HP: 40/44 MP: 8/14
  5151 | D:7      | Found Ismoptor's Weapon Emporium.
  5278 | D:7      | Found Gacromaesk's Book Shoppe.
  5315 | D:7      | Reached skill level 5 in Fighting
  5495 | D:7      | Reached skill level 8 in Earth Magic
  5517 | D:7      | Reached skill level 9 in Earth Magic
  5947 | D:7      | Reached XP level 9. HP: 54/54 MP: 5/15
  6037 | D:7      | Reached skill level 10 in Earth Magic
  6167 | D:7      | Found Pomics's Jewellery Shop.
  6210 | D:7      | Found a staircase to the Ecumenical Temple.
  6305 | Temple   | Entered the Ecumenical Temple
  6360 | Temple   | Became a worshipper of Vehumet
  6495 | D:8      | Noticed Erolcha
  6648 | D:8      | Reached skill level 11 in Earth Magic
  6829 | D:8      | Noticed Psyche
  6834 | D:8      | Killed Psyche
  6977 | D:8      | Noticed Maurice
  7111 | D:8      | Killed Maurice
  7111 | D:8      | Reached skill level 12 in Earth Magic
  7222 | D:8      | Found a shattered altar of Ashenzari.
  7223 | D:8      | Found a white marble altar of Elyvilon.
  7422 | D:7      | Reached skill level 13 in Earth Magic
  7422 | D:7      | Reached XP level 10. HP: 46/59 MP: 9/16
  7900 | D:8      | Reached skill level 5 in Spellcasting
  8012 | D:8      | Learned a level 5 spell: Lee's Rapid Deconstruction
  8030 | D:8      | Reached skill level 1 in Maces & Flails
  8366 | D:9      | Reached * piety under Vehumet
  8366 | D:9      | Offered knowledge of Magic Dart by Vehumet.
  8487 | D:9      | Reached skill level 5 in Maces & Flails
  8626 | D:9      | Found a basalt altar of Yredelemnul.
  8657 | D:9      | Found a shimmering altar of Xom.
  8785 | D:9      | Found a snail-covered altar of Cheibriados.
  8785 | D:9      | Found a bloodstained altar of Trog.
  9146 | D:10     | Entered Level 10 of the Dungeon
  9232 | D:10     | Noticed Joseph
  9779 | D:10     | Reached ** piety under Vehumet
  9779 | D:10     | Offered knowledge of Throw Flame by Vehumet.
 10128 | D:10     | Noticed a hill giant
 10241 | D:10     | Killed Joseph
 10374 | D:10     | Noticed Nergalle
 10405 | D:10     | Killed Nergalle
 10405 | D:10     | Reached XP level 11. HP: 53/68 MP: 7/18
 10641 | D:10     | Killed a hill giant
 10913 | D:10     | Found a staircase to the Lair.
 10926 | D:10     | Offered knowledge of Searing Ray by Vehumet.
 11075 | Lair:1   | Entered Level 1 of the Lair of Beasts
 11162 | Lair:1   | Reached skill level 5 in Conjurations
 11381 | Lair:1   | Reached *** piety under Vehumet
 12069 | Lair:1   | Noticed a six-headed hydra
 12096 | Lair:1   | HP: 2/68 [six-headed hydra (4)]
 12096 | Lair:1   | Slain by a six-headed hydra

Vault maps used:
D:1:      dpeg_arrival_sounds_slurp
D:2:      grunt_dithmenos_smoke_and_mirrors, first_bread
D:3:      fedhas_altar_2, zin_treasury
D:4:      lemuel_crystal_altar, serial_shops, shop, kennysheep_mini_moat
D:5:      kennysheep_mini, lemuel_blue_sif_altar
D:6:      nicolae_overflow_crystal_walls
D:7:      minmay_temple_entry_poolview, serial_shops, shop,
          nicolae_shop_behind_doors, shop, the_bakery
D:8:      gammafunk_temple_overflow_pools, uniq_maurice, uniq_psyche,
          uniq_erolcha
D:9:      lemuel_doored_altar, gammafunk_temple_overflow_elements, basic_altar
D:10:     grunt_lair_entry_elf_guard_hut, uniq_nergalle, uniq_joseph
D:11:     kennysheep_kobold_lugonu_temple, uniq_grum
Temple:   cyrus_temple_forest_13
Lair:1:   wad_woods_road_01, serial_bayou_lake_a, lemuel_fruit_fields,
          grunt_megastairs_2, infiniplex_staircase_pool_2

Action                   |  1- 3 |  4- 6 |  7- 9 | 10-12 || total
-------------------------+-------+-------+-------+-------++-------
Melee: Mace              |    33 |       |       |       ||    33
       Short sword       |    43 |    30 |   145 |       ||   218
       Whip              |       |       |    26 |   422 ||   448
       Dagger            |       |       |    13 |       ||    13
 Cast: Sandblast         |    43 |    52 |   115 |    56 ||   266
       Stoneskin         |     2 |     3 |     7 |    29 ||    41
       Stone Arrow       |       |       |     7 |     7 ||    14
       Petrify           |       |       |     2 |    15 ||    17
       Lee's Rapid Decon |       |       |       |    21 ||    21
Evoke: Wand              |       |       |     1 |       ||     1
  Use: Scroll            |     4 |     7 |     2 |     7 ||    20
 Stab: Sleeping          |     3 |     1 |       |     1 ||     5
       Paralysed         |       |       |     1 |       ||     1
       Distracted        |       |       |       |     1 ||     1
       Petrified         |       |       |       |     6 ||     6
       Petrifying        |       |       |       |     2 ||     2
  Eat: Chunk             |     5 |     4 |    14 |    24 ||    47
       Beef jerky        |       |       |       |     1 ||     1
       Pizza             |       |       |       |     1 ||     1
